Map: Eternal Empire LE

Players

MarineLorD

  • Race: Terran Terran
  • Spawn Location: 7:00

HeroMarine - Winner!

  • Race: Terran Terran
  • League: Master
  • Spawn Location: 1:00

Event: DreamHack SC2 Masters 2020 Summer Europe

VOD

Have the link to the VOD?

Description

Time

  • Played on: July 9, 2020, 1:25 p.m.
  • Length: 12:41

All games in this series

Show
View Real Time Build Order
Export as new Build Order

MarineLorD Terran 

Build Orders: Reaper Expand 

Get SALT Encoding   

  12  0:00  SCV  
  13  0:12  SCV  
  14  0:17  Supply Depot  
  14  0:24  SCV  
  15  0:39  SCV  
  15  0:40  Barracks  
  16  0:44  Refinery  
  16  0:51  SCV  
  17  1:03  SCV  
  18  1:15  SCV  
  19  1:27  Orbital Command  
  19  1:28  Reaper  
  20  1:47  Command Center  
  20  1:53  SCV  
  21  1:55  Supply Depot  
  21  2:00  Marine  
  22  2:05  SCV  
  23  2:14  Factory  
  23  2:17  Marine, SCV  
  23  2:21  Refinery  
  25  2:29  SCV  
  26  2:38  Barracks Reactor  
  26  2:41  SCV  
  26  2:53  SCV  
  27  2:59  Starport  
  27  3:00  Orbital Command  
  27  3:02  Factory Tech Lab  
  27  3:05  SCV  
  28  3:07  Refinery  
  28  3:13  Marine  
  28  3:14  Marine  
  28  3:17  SCV  
  31  3:21  Cyclone  
  31  3:26  SCV  
  35  3:29  SCV  
  35  3:31  Marine  
  35  3:32  Marine  
  38  3:38  SCV  
  39  3:41  Starport Tech Lab  
  39  3:42  Supply Depot  
  39  3:45  SCV  
  40  3:51  Marine x2, SCV  
  40  3:53  Siege Tank  
  46  3:57  Supply Depot  
  46  4:04  SCV x2  
  46  4:05  Raven  
  46  4:06  Supply Depot  
  50  4:10  Marine  
  50  4:12  Marine  
  50  4:16  SCV x2  
  54  4:20  Supply Depot  
  54  4:25  Siege Tank  
  54  4:28  SCV x2  
  59  4:40  SCV x2  
  59  4:45  Command Center  
  61  4:49  Marine x2  
  61  4:50  Raven  
  66  4:52  SCV  
  66  4:53  SCV  
  66  4:56  Supply Depot  
  67  5:00  Refinery  
  67  5:03  Siege Tank  
  67  5:04  SCV  
  67  5:05  SCV  
  72  5:10  Marine x2  
  74  5:17  SCV x2  
  76  5:23  Barracks x2  
  76  5:28  Marine x2  
  78  5:29  SCV x2  
  78  5:32  Supply Depot  
  78  5:33  Raven  
  82  5:39  Siege Tank  
  82  5:41  SCV  
  82  5:42  Supply Depot  
  86  5:49  Supply Depot  
  86  5:54  Marine x2, SCV  
  86  5:56  Orbital Command  
  90  5:57  SCV  
  90  6:06  SCV  
  90  6:09  SCV  
  92  6:11  Barracks Reactor x2  
  92  6:14  Engineering Bay x2  
  92  6:15  Supply Depot  
  92  6:18  Siege Tank  
  95  6:19  Orbital Command  
  95  6:20  SCV  
  96  6:35  SCV x2  
  96  6:38  Marine  
  96  6:39  Combat Shield  
  99  6:40  Barracks  
  99  6:42  Terran Infantry Weapons Level 1  
  99  6:43  Terran Infantry Armor Level 1, Barracks  
  99  6:45  Refinery, SCV  
  99  6:47  SCV  
  99  6:49  Refinery  
  99  6:51  Viking  
  102  6:54  Viking  
  102  6:56  SCV  
  102  6:57  SCV  
  102  6:59  SCV  
  107  7:06  Siege Tank  
  107  7:08  SCV  
  111  7:09  Marine x2, SCV  
  111  7:10  Marine x2  
  111  7:12  Marine  
  111  7:13  Supply Depot  
  111  7:15  SCV  
  118  7:19  Supply Depot  
  118  7:20  Supply Depot, SCV  
  118  7:21  SCV  
  120  7:27  SCV  
  121  7:30  Viking x2  
  121  7:32  SCV  
  121  7:35  Barracks Reactor  
  121  7:36  Supply Depot, Barracks Reactor, Armory  
  126  7:37  SCV  
  126  7:39  SCV  
  126  7:43  Marine x2  
  126  7:44  Marine x2  
  131  7:50  Siege Tank, Supply Depot  
  135  7:54  Sensor Tower  
  135  7:58  Marine  
  136  8:00  Viking x2  
  136  8:01  Marine  
  136  8:05  Marine x3  
  141  8:10  Stimpack  
  144  8:12  Marine x2  
  144  8:13  Marine x2  
  144  8:14  Factory  
  144  8:16  Marine  
  144  8:19  Marine  
  149  8:23  Marine x3  
  149  8:25  Command Center  
  152  8:30  Marine x4  
  152  8:32  Viking  
  152  8:34  Marine, Viking  
  161  8:37  Marine  
  161  8:41  Marine x3  
  162  8:43  Terran Infantry Weapons Level 2  
  162  8:44  Terran Infantry Armor Level 2  
  162  8:46  Terran Vehicle Weapons Level 1  
  165  8:51  Siege Tank  
  165  8:55  Marine x3  
  168  8:56  Missile Turret x2  
  168  8:57  Marine, Missile Turret  
  168  8:59  Marine  
  173  9:09  Supply Depot  
  173  9:10  Supply Depot x2  
  173  9:19  Factory Tech Lab  
  173  9:21  Marine x2, SCV  
  173  9:28  SCV  
  173  9:31  Siege Tank, Marine x7, SCV, Medivac x2  
  181  9:34  SCV  
  189  9:40  SCV  
  188  9:51  Marine x3, Missile Turret  
  189  9:53  Marine x2  
  189  9:54  Marine x2  
  189  9:55  Marine x2, Unknown  
  189  9:57  Sensor Tower  
  193  10:01  Medivac x2  
  195  10:08  Marine x2, Planetary Fortress  
  195  10:09  Marine, Barracks  
  195  10:10  Barracks  
  195  10:11  Marine x2, Barracks  
  196  10:22  Siege Tank  
  196  10:23  Marine  
  200  10:40  Supply Depot, Command Center  
  200  10:41  Command Center  
  200  10:42  Starport  
  200  10:43  Starport  
  186  10:58  Marine x2  
  186  10:59  Marine  
  186  11:00  Marine x2  
  186  11:01  Marine  
  192  11:06  Command Center  
  192  11:08  Starport  
  192  11:09  Starport  
  175  11:21  Viking x2  
  175  11:29  Marine x4  
  169  11:38  Barracks Reactor x4  
  169  11:39  Siege Tank x2  
  175  11:43  SCV x2  
  177  11:47  Marine x4  
  177  11:49  Starport Tech Lab  
  181  11:58  Starport Tech Lab, Orbital Command  
  180  12:10  SCV  
  180  12:11  SCV  
  183  12:25  Engineering Bay  
Show
View Real Time Build Order
Export as new Build Order

HeroMarine Terran - Winner!

Build Orders: Reaper Expand 

Get SALT Encoding   

  12  0:00  SCV  
  13  0:13  SCV  
  14  0:17  Supply Depot  
  14  0:25  SCV  
  15  0:39  SCV  
  15  0:40  Barracks  
  16  0:44  Refinery  
  16  0:51  SCV  
  17  1:03  SCV  
  18  1:15  SCV  
  19  1:27  Orbital Command, Reaper  
  20  1:44  Command Center  
  20  1:53  Supply Depot  
  20  1:55  SCV  
  20  1:59  Marine  
  22  2:07  SCV  
  23  2:11  Factory  
  23  2:20  SCV  
  23  2:21  Barracks Reactor  
  24  2:24  Refinery  
  24  2:29  Bunker  
  24  2:32  SCV  
  24  2:44  SCV  
  25  2:56  SCV  
  25  2:57  Marine x2  
  28  3:01  Orbital Command  
  28  3:03  Starport  
  28  3:08  SCV  
  28  3:11  Factory Tech Lab  
  29  3:15  Marine x2  
  31  3:21  SCV  
  31  3:22  Refinery  
  32  3:27  SCV  
  32  3:33  SCV  
  34  3:35  Marine  
  34  3:37  Marine  
  34  3:39  SCV  
  34  3:40  Factory Tech Lab  
  36  3:45  SCV  
  36  3:46  Raven  
  39  3:50  Supply Depot  
  39  3:51  SCV  
  40  3:58  SCV  
  40  3:59  Cyclone  
  44  4:03  SCV  
  45  4:10  SCV  
  45  4:15  Command Center  
  46  4:18  SCV  
  46  4:22  SCV  
  46  4:23  Supply Depot  
  48  4:29  Raven  
  52  4:39  Siege Tank  
  52  4:40  SCV  
  52  4:44  Marine x2  
  52  4:45  SCV  
  57  4:46  Supply Depot  
  57  4:52  Refinery, SCV  
  58  4:57  SCV  
  59  5:04  SCV  
  60  5:08  Engineering Bay  
  60  5:09  SCV  
  60  5:11  Engineering Bay  
  61  5:16  Siege Tank  
  61  5:17  SCV  
  61  5:20  Viking  
  61  5:21  SCV, Viking  
  69  5:22  Stimpack  
  47  5:28  Orbital Command  
  70  5:30  SCV  
  70  5:33  SCV  
  72  5:37  Terran Infantry Weapons Level 1  
  72  5:39  Terran Infantry Armor Level 1  
  72  5:42  SCV  
  73  5:43  Marine  
  73  5:44  Supply Depot  
  73  5:45  SCV  
  75  5:50  Orbital Command, Viking  
  75  5:51  Viking  
  75  5:55  SCV  
  80  5:57  SCV  
  80  6:01  Marine  
  82  6:06  Siege Tank  
  82  6:07  Barracks  
  82  6:08  SCV  
  82  6:09  Barracks  
  82  6:10  SCV  
  87  6:16  SCV  
  88  6:21  SCV, Viking  
  88  6:22  SCV  
  88  6:25  Supply Depot  
  92  6:27  Supply Depot  
  92  6:28  SCV  
  93  6:33  Supply Depot  
  93  6:39  Barracks  
  93  6:40  Marine, SCV x3, Barracks  
  96  6:48  Viking  
  96  6:51  Refinery  
  96  6:52  SCV x2  
  96  6:53  Refinery, SCV  
  101  6:54  Armory  
  101  6:56  Barracks Reactor x2  
  101  7:04  Combat Shield, SCV x2  
  101  7:05  Marine, SCV  
  101  7:08  Siege Tank  
  108  7:16  SCV x2  
  108  7:17  SCV  
  111  7:22  Marine  
  111  7:24  Command Center  
  111  7:26  Medivac x2  
  116  7:30  Barracks Reactor  
  116  7:31  Barracks Reactor  
  116  7:32  Marine x2  
  116  7:33  Marine x2  
  120  7:37  Supply Depot  
  120  7:38  Supply Depot  
  120  7:40  Marine  
  119  7:46  Terran Infantry Weapons Level 2  
  119  7:47  Terran Infantry Armor Level 2  
  119  7:50  Marine x3  
  122  7:51  Marine  
  122  7:52  Terran Vehicle Weapons Level 1  
  122  7:58  Marine  
  123  8:00  Factory  
  122  8:08  Marine x3  
  122  8:09  Siege Tank, Marine  
  129  8:13  SCV  
  129  8:14  Supply Depot, SCV x2  
  129  8:15  Supply Depot x2  
  130  8:20  Marine x4  
  130  8:26  Marine x3, Medivac x2  
  141  8:29  Marine  
  141  8:35  SCV x3  
  141  8:38  Barracks Reactor, Marine x4, Supply Depot  
  141  8:39  Sensor Tower  
  148  8:43  Marine  
  148  8:44  Marine x2  
  148  8:47  Siege Tank, Marine  
  155  8:52  SCV x3  
  158  8:56  Marine x4  
  158  9:00  Unknown, Planetary Fortress  
  158  9:01  Marine x2  
  158  9:02  Marine  
  164  9:04  Sensor Tower, Marine  
  164  9:08  Siege Tank  
  168  9:10  Medivac x2  
  168  9:13  Marine  
  168  9:14  Marine  
  168  9:15  Supply Depot x2  
  174  9:19  Marine x7  
  174  9:22  Marine  
  182  9:31  Marine x2  
  182  9:32  Siege Tank  
  182  9:37  Marine x2  
  188  9:39  Barracks x2  
  188  9:40  Siege Tank  
  188  9:42  Barracks  
  191  9:46  Viking x2  
  188  9:59  Terran Vehicle Weapons Level 2  
  184  10:01  Marine x10  
  191  10:19  Marine x5  
  193  10:21  Marine x2  
  193  10:23  Marine x2  
  197  10:30  Barracks Reactor x3  
  197  10:34  Starport x2  
  197  10:37  Command Center  
  197  10:56  Marine x9  
  195  10:57  Siege Tank x2  
  195  10:58  Medivac x2  
  195  11:00  Marine  
  188  11:09  Marine x3  
  188  11:11  Marine x3  
  192  11:12  Viking x2  
  192  11:13  Marine  
  192  11:14  Marine  
  192  11:17  Marine  
  197  11:27  Marine x2  
  197  11:29  Siege Tank x2  
  197  11:30  Medivac x2  
  197  11:32  Marine x3  
  188  11:33  Marine x3  
  188  11:34  Marine x2  
  183  11:40  Marine  
  183  11:41  Marine x2  
  190  11:47  Starport Reactor  
  190  11:51  Marine  
  190  11:52  Marine x8, Armory, Starport Reactor  
  190  11:53  Fusion Core  
  195  12:00  Marine x5  
  200  12:15  Starport  
  200  12:17  Refinery  
  200  12:20  Marine  
  200  12:21  Marine x2  
  200  12:29  Refinery  
Tags
 
Add a new tag
Caveats
  • Supply blocks, unpowered buildings, or Contaminate may cause inaccurate times.
  • Supply counts are checked every 10 seconds.